 Dungeon Crawl Stone Soup version 0.31-a0-1118-gbca3d03946 (webtiles) character file.

Game seed: 16878710579192388609

144 Crownlay the Sneak (level 5, -9/23 HPs)
             Began as a Felid Enchanter on Dec 4, 2023.
             Was an Initiate of Gozag.
             Mangled by a wraith (13 damage)
             ... in an ossuary.
             The game lasted 00:07:15 (3267 turns).

Crownlay the Sneak (Felid Enchanter)                Turns: 3267, Time: 00:07:16

Health: -9/23      AC:  1    Str:  4    XL:     5   Next: 5%
Magic:  9/9        EV: 18    Int: 16    God:    Gozag
Gold:   202        SH:  0    Dex: 19    Spells: 3/8 levels left
                                        Lives:  0   Deaths: 2

rFire   + .          .
                       - Unarmed
rCold   . . .        (shield unavailable)
rNeg    . . .        (body armour unavailable)
rPois   +            (helmet unavailable)
rElec   .            (cloak unavailable)
rCorr   .            (gloves unavailable)
SInv    +            (boots unavailable)
Will    +++..        (no amulet)
Stlth   +++          g - ring of Lady Luck {rPois rF+ Will++}
HPRegen 0.23/turn    k - ring of willpower
MPRegen 0.11/turn

%: no passive effects
@: slowed, slow
A: very small, claws 1, fangs 3, see invisible, speed 1, shaggy fur 1, stealthy
paws, no weapons or thrown items, no armour, multi-lived
a: Renounce Religion, Potion Petition, Call Merchant, Bribe Branch


You were in an ossuary.
You worshipped Gozag.
Gozag was aware of your devotion.
You visited 1 branch of the dungeon, and saw 4 of its levels.
You also visited: Ossuary.

You collected 262 gold pieces.
You paid 60 gold pieces to Gozag.

Inventory:

Jewellery
 g - the ring of Lady Luck (left paw) {rPois rF+ Will++}
   (You found it on level 2 of the Dungeon)

   [ring of protection from fire]

   rF+:       It protects you from fire.
   rPois:     It protects you from poison Will++: It greatly increases your
   willpower.
 k - a ring of willpower (right paw)
Scrolls
 b - a scroll of amnesia
 c - 3 scrolls of teleportation
 d - 2 scrolls of poison
 e - 2 scrolls of immolation
Potions
 a - 2 potions of invisibility
 f - a potion of heal wounds {unknown}
 i - a potion of degeneration
 j - 2 potions of magic {unknown}


   Skills:
 * Level 2.7 Fighting
 - Level 2.7 Dodging
 + Level 5.0 Stealth
 * Level 3.2 Unarmed Combat
 - Level 2.0 Spellcasting
 - Level 4.4 Hexes


You had 3 spell levels left.
You knew the following spells:

 Your Spells              Type           Power      Damage    Failure   Level
a - Ensorcelled Hibernat  Hex/Ice        16%        N/A       13%         2
b - Confusing Touch       Hex            15%        N/A       11%         3

Your spell library contained the following spells:

 Spells                   Type           Power      Damage    Failure   Level
 Tukima's Dance           Hex            15%        N/A       11%         3
 Dazzling Flash           Conj/Hex       16%        N/A       26%         3


Dungeon Overview and Level Annotations

Branches:
Dungeon (4/15)            Ossuary (1/1)
 Temple: D:4-7

Altars:
Gozag
Makhleb

Annotations:
D:2 1 runed translucent door, Crazy Yiuf


Innate Abilities, Weirdness & Mutations

You have sharp claws.
You have razor-sharp teeth.
You have supernaturally acute eyesight. (SInv)
You cover ground quickly. (Speed+)
You are covered in fur. (AC +1)
Your paws help you pounce on unaware monsters.
You are incapable of wielding weapons or throwing items.
You cannot wear armour.
You gain extra lives every three experience levels.


Message History

You rejoin the land of the living...
You now have 202 gold pieces (gained 4).
You see here 7 gold pieces.
The wraith hits you but does no damage.
You scratch the wraith but do no damage.
The wraith is severely damaged.
The wraith hits you!
You barely miss the wraith. Your claw misses the wraith.
The wraith is severely damaged.
The wraith hits you!
* * * LOW HITPOINT WARNING * * *
The wraith drains your vigour!
You feel yourself slow down.
You are too injured to fight recklessly!
You are too injured to fight recklessly!
You closely miss the wraith.
The wraith is severely damaged.
The wraith barely misses you.
You closely miss the wraith.
The wraith is severely damaged.
The wraith closely misses you. The wraith barely misses you.
You scratch the wraith but do no damage.
The wraith is severely damaged.
The wraith barely misses you.
You scratch the wraith but do no damage.
Your bite misses the wraith.
The wraith is severely damaged.
The wraith barely misses you. x2
You scratch the wraith but do no damage.
The wraith is severely damaged.
The wraith hits you.
* * * LOW HITPOINT WARNING * * *
You closely miss the wraith.
The wraith is severely damaged.
The wraith misses you.
You scratch the wraith but do no damage.
The wraith is severely damaged.
The wraith completely misses you. The wraith hits you!
Ouch! That really hurt!
You die...
Your body crumbles into a pile of gold.

#..#'#..#'#..#'#..#'#..#'# .
#..#.#..#.#..#.#..#.#..#.#..
#...........................
#...........................
#..####$.....###......####..
#..# +..$8...# #...8...'.#..
#..####......#+#...$..####..
#............#$#............
#..........@................
#..####.####W.$.$####.####..
#..# +..# +...8...+ #..'.# .
####.####.....####.####..
........................
......$..#.#............
####......#+#......####..
#W$...8...# #...8...'.#..
#..####......###......####..


You could see a wraith.

Vanquished Creatures
  A hound (D:4)
  3 mummies (Ossuary)
  An adder (D:2)
  2 dart slugs
  An orc (D:2)
  2 endoplasms
  4 giant cockroaches
  7 goblins
  2 hobgoblins (D:1)
  2 jackals (D:1)
  4 kobolds
  5 quokkas
  4 ball pythons
  6 bats
  5 frilled lizards
  A gnoll zombie (Ossuary)
  A goblin zombie (Ossuary)
  6 hobgoblin zombies (Ossuary)
  3 kobold zombies (Ossuary)
  3 rats
63 creatures vanquished.

Notes
Turn   | Place    | Note
-------+----------+-------------------------------------------
     0 | D:1      | Crownlay the Felid Enchanter began the quest for the Orb.
     0 | D:1      | Reached XP level 1. HP: 7/7 MP: 4/4
   239 | D:1      | Reached XP level 2. HP: 5/12 MP: 6/6
   300 | D:1      | Learned a level 2 spell: Ensorcelled Hibernation
   343 | D:1      | Reached skill level 1 in Fighting
   387 | D:1      | Found a faded altar of an unknown god.
  1091 | D:2      | Reached XP level 3. HP: 15/15 MP: 0/7
  1259 | D:2      | Learned a level 3 spell: Confusing Touch
  1291 | D:2      | Identified the ring of Lady Luck {rPois rF+ Will++}
  1733 | D:2      | Found a runed translucent door.
  1734 | D:2      | Noticed Crazy Yiuf
  1914 | D:3      | Found a burning altar of Makhleb.
  2617 | D:3      | Found an opulent altar of Gozag.
  2627 | D:3      | Became a worshipper of Gozag Ym Sagoz the Greedy
  2875 | D:4      | Found a sand-covered staircase.
  2876 | D:4      | Noticed an ice beast
  2887 | D:4      | Reached XP level 4. HP: 14/20 MP: 8/8
  2897 | Ossuary  | Entered an ossuary
  2897 | Ossuary  | Noticed a wraith
  2897 | Ossuary  | Noticed a wraith
  2897 | Ossuary  | Noticed a wraith
  3129 | Ossuary  | Mangled by a mummy
  3145 | Ossuary  | Reached skill level 5 in Stealth
  3225 | Ossuary  | Reached XP level 5. HP: 23/23 MP: 9/9
  3236 | Ossuary  | Noticed a wraith
  3239 | Ossuary  | Slain by a wraith
  3267 | Ossuary  | Mangled by a wraith

Illustrated notes

Levels and vault maps discovered:
D:1:      elethiomel_arrival_shortcut, layout_loops_ring,
          basic_ecumenical_altar, hangedman_decor_clover_reticule
D:2:      layout_basic, minmay_strange_pillars, uniq_crazy_yiuf_cottage
D:3:      layout_loops_corners, nicolae_gozag_cash_rules_everything_around_me,
          bloody_makhleb
D:4:      layout_cave_pools, mainiacjoe_overflow_cross_hatched, enter_ossuary_1
Ossuary:  ossuary_kennysheep_city_of_the_dead

Skill      XL: |  1  2  3  4 |
---------------+-------------+-----
Fighting       | 1 2 |  2.7
Unarmed Combat | 2 3 |  3.2
Stealth        | 5 |  5.0
Dodging        | |  2.7
Spellcasting   | |  2.0
Hexes          | |  4.4

Action                     |  1- 3 |  4- 6 || total
---------------------------+-------+-------++-------
  Melee: Unarmed           |   124 |    62 ||   186
         Bite              |     7 |    11 ||    18
         Punch             |     2 |     2 ||     4
   Cast: Ensorcelled Hiber |    12 |       ||    12
         Confusing Touch   |     1 |     1 ||     2
    Use: Scroll            |     5 |     3 ||     8
   Stab: Sleeping          |    23 |     4 ||    27
         Distracted        |     1 |       ||     1
         Confused          |       |     1 ||     1
 Armour: Skin              |    33 |    16 ||    49
  Dodge: Dodged            |    82 |    31 ||   113

Table legend: (Time is in decaauts)
 A = Elapsed time spent in this place.
 B = Non-inter-level travel time spent in this place.
 C = Inter-level travel time spent in this place.
 D = Time resting spent in this place.
 E = Time spent auto-exploring this place.
 F = Levels seen in this place.
 G = Mean time per level.
                   A        B        C        D        E       F      G
               +--------+--------+--------+--------+--------+-----+--------+
         Total |   2741 |   2612 |    129 |      6 |   1838 |   5 |  548.2 |
       Dungeon |   2422 |   2293 |    129 |      6 |   1838 |   4 |  605.5 |
       Ossuary |    318 |    318 |      0 |      0 |      0 |   1 |  318.0 |
               +--------+--------+--------+--------+--------+-----+--------+

Top non-repeatable levels by time:
     D:1: 919 daAuts
     D:3: 790 daAuts
     D:2: 693 daAuts
 Ossuary: 318 daAuts
     D:4: 19 daAuts
